 Dungeon Crawl Stone Soup version 0.17-a0-755-g4391640 (console) character file.

58 sose the Insei (level 4, 0/21 HPs)
             Began as a Vine Stalker Transmuter on Apr 22, 2015.
             Succumbed to an adder's poison
             ... on level 2 of the Dungeon.
             The game lasted 00:03:02 (853 turns).

sose the Insei (Vine Stalker Transmuter)             Turns: 853, Time: 00:03:02

Health: 0/21       AC:  3    Str: 13    XL:     4   Next: 1%
Magic:  3/8        EV: 12    Int: 14    God:
Gold:   84         SH:  0    Dex: 14    Spells: 2 memorised, 3 levels left

rFire  . . .     SeeInvis .       - Unarmed
rCold  . . .     Clarity  .     b - +0 robe
rNeg   . . .     SustAb   .     (no shield)
rPois  .         Gourm    .     (no helmet)
rElec  .         Spirit   +     (no cloak)
rCorr  .         Warding  .     (no gloves)
rMut   .         Stasis   .     (no boots)
MR     .....                    (no amulet)
Stlth  +.........               (no ring)
                                (no ring)

@: lethally poisoned (0 -> -2), not resistant to hostile enchantments, very
unstealthy
A: fangs 2, regeneration 1, shaggy fur 1, magic shield, antimagic bite, no
device heal 3, rot immunity
a: no special abilities


You were on level 2 of the Dungeon.
You were not hungry.

You visited 1 branch of the dungeon, and saw 2 of its levels.

You collected 84 gold pieces.

Inventory:

Missiles
 a - 80 arrows
Armour
 b - a +0 robe (worn)
Scrolls
 e - a scroll of teleportation {unknown}
 i - a scroll of amnesia {unknown}
 k - a scroll of identify {unknown}
 l - 2 scrolls of remove curse {unknown}
 m - a scroll of recharging {unknown}
 o - a scroll of immolation {unknown}
 p - a scroll of noise {unknown}
 q - a scroll of enchant weapon {unknown}
Potions
 f - a potion of ambrosia {unknown}
 g - a potion of haste {unknown}
 h - a potion of mutation {unknown}
 j - 2 potions of agility {unknown}
 n - a potion of lignification {unknown}
Books
 c - a book of Changes

   Spells                             Type                      Level
   a - Beastly Appendage              Transmutation                1
   b - Sticks to Snakes               Transmutation                2
   c - Spider Form                    Transmutation/Poison         3
   d - Ice Form                       Ice/Transmutation            4
   e - Blade Hands                    Transmutation                5
Comestibles
 d - 2 bread rations


   Skills:
 - Level 0.8 Fighting
 - Level 1.5 Dodging
 + Level 4.0 Unarmed Combat
 - Level 2.1 Spellcasting
 + Level 3.1 Transmutations


You had 3 spell levels left.
You knew the following spells:

 Your Spells              Type           Power        Failure   Level  Hunger
a - Beastly Appendage     Trmt           ##....       10%         1    #......
b - Spider Form           Trmt/Pois      #.........   38%         3    ###....


Dungeon Overview and Level Annotations

Branches:
Dungeon (2/15)

Altars:


Innate Abilities, Weirdness & Mutations

You have extremely sharp teeth.
Your natural rate of healing is unusually fast.
You are covered in fur (AC +1).
When hurt, damage is shared between your health and your magic reserves.
Your bite disrupts and absorbs the magic of your enemies.
Potions and wands cannot restore your health.
You are immune to rotting.


Message History

You feel sick. The adder closely misses you.
* * * LOW HITPOINT WARNING * * *
You feel sick.
* * * LOW HITPOINT WARNING * * *
You feel sick. The adder barely misses you.
You see here a ring mail.
* * * LOW HITPOINT WARNING * * *
You feel sick.
You barely miss the adder. Your kick misses the adder.
The adder is severely wounded.
Your talons disappear.
The adder closely misses you.
You barely miss the adder. Your bite misses the adder.
The adder is severely wounded.
* * * LOW HITPOINT WARNING * * *
You feel sick. The adder barely misses you. The adder misses you.
You barely miss the adder. Your punch misses the adder.
You bite the adder, but do no damage.
The adder is severely wounded.
You die...

............####.....
...........[......#...
..............# ##..
...............# #..
...............# #..
#.............########..
#...........##...##....
######S######..........
#@.# #.......... ##.#
#.......... #.#
###.###.... #.#
#.##..... #.# #.##.....
#.# #.##..... #.###
#.##..... #.#.##
#..#..... #....##
##..#....


You could see an adder.

Vanquished Creatures
  2 adders (D:2)
  An ooze (D:2)
  2 giant geckos
  3 ball pythons
  4 bats
  A giant cockroach (D:2)
  2 hobgoblins
  8 jackals
  4 kobolds
  2 giant newts (D:1)
  2 goblins (D:1)
  3 rats (D:1)
34 creatures vanquished.

Notes
Turn   | Place    | Note
--------------------------------------------------------------
     0 | D:1      | sose, the Vine Stalker Transmuter, began the quest for the Orb.
     0 | D:1      | Reached XP level 1. HP: 9/9 MP: 4/4
    62 | D:1      | Reached XP level 2. HP: 9/14 MP: 4/6
   402 | D:2      | Reached XP level 3. HP: 15/17 MP: 7/7
   451 | D:2      | Learned a level 3 spell: Spider Form
   592 | D:2      | Reached skill level 4 in Unarmed Combat
   651 | D:2      | Reached XP level 4. HP: 13/21 MP: 8/8
   850 | D:2      | HP: 1/21 [poisoned by an adder]
   853 | D:2      | Succumbed to an adder's poison

Action                   |  1- 3 |  4- 6 || total
-------------------------+-------+-------++-------
Melee: Unarmed           |   123 |    13 ||   136
 Cast: Beastly Appendage |     3 |     1 ||     4
 Stab: Sleeping          |     1 |       ||     1
